Map: Golden Wall LE

Players

Massa

  • Race: Terran Terran
  • League: Gold
  • Spawn Location: 5:00

Erdbeere - Winner!

  • Race: Zerg Zerg
  • League: Diamond
  • Spawn Location: 7:00

VOD

Have the link to the VOD?

Description

Time

  • Played on: Sept. 1, 2020, 6:58 a.m.
  • Length: 10:31
Show
View Real Time Build Order
Export as new Build Order

Massa Terran 

Build Orders:  

Get SALT Encoding   

  12  0:01  SCV  
  13  0:13  SCV  
  14  0:21  Supply Depot  
  14  0:25  SCV  
  15  0:30  Refinery  
  16  0:42  SCV  
  16  0:45  Barracks  
  16  0:55  SCV  
  17  1:07  SCV  
  17  1:22  SCV  
  18  1:27  Refinery  
  18  1:34  SCV  
  19  1:44  Barracks  
  19  1:48  Orbital Command  
  19  1:53  Reaper, Factory  
  20  2:20  SCV  
  21  2:25  Reaper  
  22  2:34  Barracks Tech Lab  
  22  2:37  Command Center  
  22  2:52  Supply Depot  
  22  2:55  SCV  
  23  3:06  Stimpack  
  23  3:14  Factory Reactor  
  23  3:16  Barracks Reactor  
  23  3:25  Starport  
  23  3:29  Marauder  
  23  3:51  Orbital Command, Marauder  
  23  3:53  SCV  
  26  4:00  Widow Mine  
  28  4:04  Marine x2  
  28  4:05  SCV  
  31  4:12  Marauder  
  33  4:18  SCV x2  
  33  4:19  Bunker  
  33  4:23  Widow Mine  
  37  4:26  Marine  
  37  4:27  Marine  
  37  4:30  SCV  
  40  4:32  SCV  
  40  4:37  Marauder  
  43  4:42  SCV  
  43  4:44  Marine  
  43  4:45  SCV  
  46  4:52  Supply Depot  
  46  4:56  Supply Depot  
  46  5:00  Engineering Bay  
  46  5:13  Marine x2, Viking  
  50  5:21  Widow Mine x2  
  52  5:25  Combat Shield  
  52  5:29  Marauder  
  52  5:31  Marine x2  
  52  5:34  SCV x2  
  58  5:42  Widow Mine  
  60  5:43  Medivac  
  62  5:50  Supply Depot  
  62  5:52  Supply Depot  
  62  5:57  Missile Turret  
  62  6:00  Missile Turret  
  62  6:01  Terran Infantry Weapons Level 1  
  62  6:05  Engineering Bay  
  62  6:11  Marine x2  
  62  6:12  Widow Mine, SCV x2, Marauder  
  68  6:43  Marauder, Marine  
  68  6:44  Marine  
  76  6:48  Widow Mine x2  
  76  6:54  Starport Reactor  
  76  6:57  Factory  
  76  7:00  SCV x2  
  78  7:35  SCV x2  
  78  7:36  Marine x2  
  77  7:37  Widow Mine  
  77  7:38  Marauder  
  62  7:54  Marine x2  
  62  7:57  Medivac x2  
  67  7:59  Marauder  
  65  8:11  Marine x2  
  49  8:16  Widow Mine x2  
  29  8:34  Factory Tech Lab  
  29  8:47  Barracks  
  29  8:48  Barracks  
  25  8:49  Barracks  
  25  8:50  Barracks x2  
  25  8:53  Liberator  
  31  8:59  Siege Tank  
  27  9:16  Command Center  
  27  9:23  Supply Depot  
  27  9:24  Supply Depot x2  
  16  9:39  Marine  
  17  9:47  Supply Depot  
  17  9:50  Supply Depot  
  17  9:54  SCV  
  18  10:07  SCV  
  16  10:11  Barracks  
  13  10:16  Barracks  
  13  10:19  Barracks  
Show
View Real Time Build Order
Export as new Build Order

Erdbeere Zerg - Winner!

Build Orders: Hatch First, Roach Hydra 

Get SALT Encoding   

  12  0:00  Drone  
  13  0:12  Overlord  
  13  0:17  Drone  
  14  0:30  Drone x2  
  14  0:34  Drone  
  17  0:55  Hatchery  
  16  1:03  Drone x2  
  18  1:07  Drone  
  18  1:11  Extractor  
  18  1:20  Drone  
  18  1:30  Spawning Pool  
  18  1:31  Drone  
  18  1:43  Drone  
  19  1:55  Overlord  
  19  2:01  Drone  
  20  2:18  Zergling x4  
  20  2:19  Queen x2, Zergling x2  
  20  2:22  Metabolic Boost  
  27  2:23  Drone  
  28  2:32  Drone x2  
  30  2:40  Drone  
  30  2:43  Overlord  
  31  2:53  Roach Warren  
  31  2:54  Drone  
  31  2:55  Drone  
  32  3:07  Queen  
  32  3:10  Drone x2, Evolution Chamber  
  35  3:15  Drone  
  35  3:16  Drone  
  37  3:25  Zergling x2  
  38  3:28  Zergling x2  
  38  3:34  Drone  
  40  3:35  Drone x2  
  40  3:36  Drone  
  42  3:49  Drone x2  
  42  3:54  Lair  
  42  3:55  Overlord  
  44  4:12  Hatchery  
  44  4:14  Drone  
  44  4:15  Drone x7  
  51  4:25  Extractor, Overlord  
  51  4:28  Overlord  
  50  4:32  Drone  
  50  4:33  Drone  
  50  4:35  Zerg Missile Weapons Level 1  
  50  4:38  Extractor x2, Drone  
  51  4:49  Drone  
  51  4:50  Drone x2  
  51  4:51  Drone x3  
  57  4:53  Glial Reconstitution, Roach  
  59  5:00  Hydralisk Den  
  59  5:04  Roach  
  59  5:05  Roach x2  
  64  5:12  Roach  
  64  5:13  Roach  
  68  5:25  Roach x3  
  68  5:28  Overseer, Overlord x2  
  74  5:29  Overlord x2  
  74  5:43  Overlord  
  74  5:44  Overlord  
  74  5:47  Drone x5  
  79  5:53  Overlord  
  79  6:03  Roach  
  79  6:04  Roach x5  
  91  6:10  Evolution Chamber  
  90  6:11  Grooved Spines  
  90  6:12  Hydralisk  
  90  6:14  Drone  
  90  6:15  Drone  
  94  6:20  Drone x3  
  92  6:46  Hydralisk  
  92  6:47  Hydralisk x9  
  94  6:52  Queen  
  114  7:02  Overlord x5  
  114  7:15  Extractor  
  114  7:16  Drone  
  114  7:19  Overlord x2  
  114  7:22  Drone x3, Muscular Augments  
  95  8:14  Hydralisk  
  95  8:15  Hydralisk x8  
  109  8:29  Drone x4  
  109  8:47  Extractor, Hatchery  
  105  8:51  Extractor  
  105  8:52  Hydralisk  
  105  8:53  Hydralisk x5  
  116  9:05  Overseer  
  116  9:06  Overseer x2  
  116  9:11  Infestation Pit  
  116  9:13  Spire  
  116  9:14  Spore Crawler, Spire  
  112  9:19  Lurker Den  
  111  9:48  Drone  
  111  9:49  Drone x13  
Tags
 
Composition
Roach Hydra
Matchup
TvZ
Replay Pack
Multiplayer
Spawn Locations
Close Positions
Add a new tag
Caveats
  • Supply blocks, unpowered buildings, or Contaminate may cause inaccurate times.
  • Supply counts are checked every 10 seconds.